 Dungeon Crawl Stone Soup version 0.20.1-1-g8b1a95d (webtiles) character file.

176 Irenicus the Chopper (level 5, -1/45 HPs)
             Began as a Deep Dwarf Gladiator on Oct 28, 2017.
             Blown up by Ijyb (20 damage)
             ... with a wand of disintegration (?/24)
             ... on level 4 of the Dungeon.
             The game lasted 00:10:18 (2297 turns).

Irenicus the Chopper (Deep Dwarf Gladiator)         Turns: 2297, Time: 00:10:19

Health: -1/45      AC:  7    Str: 18    XL:     5   Next: 30%
Magic:  5/5        EV: 12    Int: 13    God:
Gold:   220        SH:  0    Dex: 15    Spells: 4/4 levels left

rFire    . . .     SeeInvis .   p - +1 hand axe (flame)
rCold    . . .     Gourm    +   (no shield)
rNeg     . . .     Faith    .   k - +0 ring mail
rPois    .         Spirit   .   r - +1 helmet
rElec    .         Reflect  .   (no cloak)
rCorr    .         Harm     .   (no gloves)
MR       .....                  (no boots)
Stlth    +.........             q - amulet of the gourmand
Regen    0.0/turn               (no ring)
MPRegen  0.1/turn               (no ring)

@: brilliant, non-regenerating
A: damage resistance, heal wounds, sense surroundings 1, no regeneration
a: Heal Wounds


You were on level 4 of the Dungeon.
You were completely stuffed.

You visited 1 branch of the dungeon, and saw 4 of its levels.

You collected 220 gold pieces.

Inventory:

Hand Weapons
 a - a +0 war axe
 p - a +1 hand axe of flaming (weapon)
Missiles
 d - 3 throwing nets (quivered)
Armour
 k - a +0 ring mail (worn)
 r - a +1 helmet (worn)
Jewellery
 q - an amulet of the gourmand (around neck)
Wands
 b - a wand of acid (5/15)
Scrolls
 c - 3 scrolls of random uselessness {unknown}
 e - 2 scrolls of fear {unknown}
 h - 2 scrolls of amnesia {unknown}
 n - a scroll of enchant armour {unknown}
 o - 2 scrolls of immolation {unknown}
 s - a scroll of recharging {unknown}
 t - a scroll of noise {unknown}
 v - 2 scrolls of remove curse {unknown}
Potions
 g - 2 potions of curing
 m - a potion of magic {unknown}
 u - 2 potions of cancellation {unknown}
 w - a potion of lignification {unknown}
Comestibles
 f - 2 bread rations
 i - 3 meat rations
 l - 4 fruits
 x - a royal jelly


   Skills:
 - Level 2.0 Fighting
 + Level 6.1 Axes
 - Level 1.7 Throwing
 - Level 2.0 Armour
 - Level 3.2 Dodging


You had 4 spell levels left.
You didn't know any spells.

Dungeon Overview and Level Annotations

Branches:
Dungeon (4/15)
 Temple: D:4-7

Altars:

Annotations:
D:4 Ijyb


Innate Abilities, Weirdness & Mutations

You are resistant to damage.
You can heal yourself by infusing magical energy.
You passively map a small area around you.
You do not regenerate.


Message History

There is an open door here.
Things that are here:
an uncursed enchanted hunting sling; 25 stones Eat one of 2 chunks of flesh? (ye/n/q)
You eat one of the 2 chunks of flesh.
This raw flesh tastes great.
Eat a chunk of flesh? (ye/n/q)
You eat the chunk of flesh.
This raw flesh tastes great.
A goblin and Ijyb come into view.
The goblin shouts!
Ijyb zaps a wand.
You are blasted!
* * * LOW HITPOINT WARNING * * *
It is a wand of disintegration (?/24).
The goblin shoots a stone.
The stone closely misses you.
It was a potion of curing.
You feel better.
The goblin shoots a stone.
The stone barely misses you.
It was a potion of brilliance.
You feel clever all of a sudden.
The goblin shoots a stone.
The stone closely misses you.
Ijyb zaps a wand.
You are blasted!
You die...

##* *##≈≈≈≈≈≈≈≈≈≈≈≈≈
..,
,###≈≈≈≈≈≈≈≈≈≈≈≈≈≈*
.#≈≈≈.........#
#.#≈≈..........#,,
#.#≈≈.)#####...# ,
#####..≈≈..#...#####
...(..≈≈≈..(...).(# *
#.....≈≈≈..#...#..#,,
##..(≈≈#########@.#
$..#g≈≈#..........# ,
.###...'........g.#,,,
# #...'..).......# , *
#...'..)...g...# ,
,#..≈≈#..........# ,
#.##≈≈#########..#* #.
##≈≈ ,* #.... #,* #≈≈≈
,,, .$...


You could see Ijyb and a goblin.

Vanquished Creatures
  A howler monkey (D:4)
  4 adders
  An ooze (D:2)
  6 worms
  3 dart slugs
  9 leopard geckos
  An orc (D:3)
  A ball python (D:4)
  4 bats (D:2)
  3 giant cockroaches
  11 goblins
  7 hobgoblins
  4 jackals
  A frilled lizard (D:2)
  3 kobolds
  6 rats
65 creatures vanquished.

Notes
Turn   | Place    | Note
-------+----------+-------------------------------------------
     0 | D:1      | Irenicus the Deep Dwarf Gladiator began the quest for the Orb.
     0 | D:1      | Reached XP level 1. HP: 19/19 MP: 1/1
   254 | D:1      | Reached XP level 2. HP: 23/26 MP: 2/2
   275 | D:1      | Reached skill level 4 in Axes
   750 | D:2      | Reached XP level 3. HP: 22/32 MP: 3/3
   988 | D:2      | Reached skill level 5 in Axes
   988 | D:2      | Reached skill level 1 in Armour
   997 | D:2      | Reached XP level 4. HP: 27/39 MP: 4/4
  2253 | D:4      | Reached skill level 6 in Axes
  2253 | D:4      | Reached XP level 5. HP: 24/45 MP: 5/5
  2294 | D:4      | Noticed Ijyb
  2297 | D:4      | Blown up by Ijyb

Skill      XL: |  1  2  3  4 |
---------------+-------------+-----
Axes           | 4 5 6 |  6.1
Fighting       | 2 |  2.0
Armour         | 1 2 |  2.0
Throwing       | |  1.7
Dodging        | |  3.2

Action                   |  1- 3 |  4- 6 || total
-------------------------+-------+-------++-------
Melee: War axe           |    40 |       ||    40
       Hand axe          |    53 |    97 ||   150
Throw: Throwing net      |     6 |     1 ||     7
  Use: Potion            |       |     2 ||     2
 Stab: Sleeping          |     1 |       ||     1
       Held in net/web   |     3 |     2 ||     5
  Eat: Chunk             |       |    14 ||    14
Armor: Leather armour    |     8 |       ||     8
       Ring mail         |    19 |    35 ||    54
Dodge: Dodged            |    47 |    43 ||    90
